Stars vs Golden Knights

Created - 16 février 2022 at 16:48

Goals
1 2 3 T
Stars 1 2 3 6
Golden Knights 2 1 1 4
Shots
1 2 3 T
Stars 9 15 14 38
Golden Knights 12 11 12 35

GoalsPenalties
1st period
1. Stars , Dylan Larkin 16 (Jordan Greenway 14, Martin Necas 23) at 0:31
2. Golden Knights , Anthony Duclair 22 (Matt Duchene 27, Jake Walman 6) at 12:55
3. Golden Knights , Max Comtois 12 (Tyler Lewington 3, Mark Pysyk 20) at 14:13
Deryk Engelland (DAL) for Hooking (Minor) at 2:43
Tyler Myers (VGK) for Holding (Minor) at 5:29
Cody Eakin (VGK) for Holding (Minor) at 9:02
2nd period
4. Stars , Deryk Engelland 7 (Denis Gurianov 22, Elias Pettersson 30) at 6:24
5. Stars , Jason Robertson 10 (Alexander Edler 24, Martin Necas 24) at 12:58 (PP)
6. Golden Knights , Anthony Duclair 23 (Cale Makar 36, Matt Duchene 28) at 16:59 (PP)
Tyler Myers (VGK) for Elbowing (Minor) at 2:58
Tanner Jeannot (VGK) for Cross-checking (Minor) at 8:11
Tyler Lewington (VGK) for High sticking (Minor) at 12:10
Deryk Engelland (DAL) for Interference (Minor) at 16:24
Andrei Svechnikov (DAL) for Interference (Minor) at 18:34
3rd period
7. Stars , Denis Gurianov 17 (Ryan Suter 24, Alexander Edler 25) at 10:16
8. Stars , Elias Pettersson 19 (Denis Gurianov 23, Travis Hamonic 19) at 15:02 (PP)
9. Golden Knights , Artem Anisimov 11 (Anthony Duclair 22) at 16:04
10. Stars , Elias Pettersson 20 (Jason Robertson 16, Alexander Edler 26) at 18:35 (SH)
Sam Bennett (VGK) for Slashing (Minor) at 5:37
Denis Gurianov (DAL) for Tripping (Minor) at 5:37
Jordan Greenway (DAL) for Cross-checking (Minor) at 9:03
Sam Bennett (VGK) for Holding (Minor) at 9:38
Tyler Myers (VGK) for Roughing (Minor) at 14:30
Andrei Svechnikov (DAL) for High sticking (Minor) at 18:23
Goalie Stats
Martin Jones (DAL), 31 saves from 35 shots - (0,886), W, 15-22-4, 60:00 minutes
Philipp Grubauer (VGK), 32 saves from 38 shots - (0,842), L, 14-10-2, 60:00 minutes
3 StarsOfficial
1 - Elias Pettersson (DAL)
2 - Denis Gurianov (DAL)
3 - Anthony Duclair (VGK)
Referees : Kevin Pollock and Dan O'Rourke
Linesman : Michel Cormier and Brian Mach
Game Note
No Game Note



Team Name Goals Shots Shots Attemp Shots Blocked PIM HIT PP PK FO%
Stars 63887712142 / 7 (29%)153%
Golden Knights 435621116271 / 5 (20%)247%

Stars
Player Name POS G A P +/- PIM HIT SHT SB MP PP MP PP SHT PK MP PK SHT FO% FOT
Alexander EdlerD033-1034226:055:3133:1700% 0
Andreas AthanasiouC000-101109:490:0000:00053% 17
Andrei SvechnikovLW/RW0002405019:464:2021:1200% 4
Denis GurianovLW/RW1232215019:594:2023:04060% 10
Deryk EngellandD1012434121:134:2031:5400% 0
Dylan LarkinC101-1014018:105:3110:00050% 30
Elias PetterssonC2132006020:484:2023:40157% 44
Frans NielsenC000001006:410:0000:00050% 2
Jason RobertsonLW1120002018:115:3122:480100% 2
Jordan GreenwayLW/RW011-1200016:320:0002:440100% 1
Martin NecasC/RW022-1001118:105:3100:0000% 1
Mikko KoivuC000000005:570:0000:00050% 2
Oskar LindblomLW/RW000001105:570:0000:0000% 0
Ron HainseyD0000001111:330:0000:2600% 0
Ryan SuterD011-1000227:125:3104:2400% 0
Travis HamonicD0112022022:484:2013:2710% 0
Tucker PoolmanD0000010011:070:0000:0000% 0
Warren FoegeleLW/RW000-100209:490:0000:0000% 1
Golden Knights
Player Name POS G A P +/- PIM HIT SHT SB MP PP MP PP SHT PK MP PK SHT FO% FOT
Adam GaudetteC0000001012:420:0005:07029% 7
Anthony DuclairLW/RW213-1016021:444:0024:4400% 3
Artem AnisimovC/LW1010003016:154:0000:00050% 2
Blake ComeauLW/RW0000012015:502:4400:0000% 0
Cale MakarD011-2014226:023:1534:5300% 0
Cody EakinC000021104:560:0000:00044% 9
Evgenii DadonovLW/RW0000005018:282:4440:00033% 3
Jake WalmanD0110010320:133:2906:5400% 0
Janne KuokkanenC/LW000000004:570:0000:0000% 0
Jordan MartinookC/LW/RW0000021114:280:0004:44054% 28
Mark PysykD0110002123:113:2924:0100% 0
Matt DucheneC/LW022-1027022:074:0015:07051% 35
Matt TennysonD0001000210:250:0000:3500% 0
Max ComtoisLW/RW101001209:440:0000:00050% 2
Sam BennettC/LW/RW0000421115:482:4300:00048% 25
Tanner JeannotLW000022009:430:0000:0000% 0
Tyler LewingtonD0111230015:400:0000:0000% 0
Tyler MyersD000-26100124:253:1503:1900% 0

Stars

5 vs 5 Forward
Line #Left WingCenterRight WingPHYDFOFWanted %Time %Time Play
1Andrei SvechnikovElias PetterssonDenis Gurianov0053029%11:37
2Jordan GreenwayDylan LarkinMartin Necas0053032%12:39
3Jason RobertsonAndreas AthanasiouWarren Foegele1222425%9:49
4Oskar LindblomMikko KoivuFrans Nielsen1401615%5:57
5 vs 5 Defense
Line #DefenseDefensePHYDFOFWanted %Time %Time Play
1Alexander EdlerRyan Suter1223028%11:21
2Travis HamonicDeryk Engelland1223031%12:22
3Ron HainseyTucker Poolman1222428%11:07
4Alexander EdlerRyan Suter1221613%5:12
Power Play Forward
Line #Left WingCenterRight WingPHYDFOFWanted %Time %Time Play
1Andrei SvechnikovElias PetterssonDenis Gurianov1225044%4:20
2Jason RobertsonDylan LarkinMartin Necas1225056%5:31
Power Play Defense
Line #DefenseDefensePHYDFOFWanted %Time %Time Play
1Alexander EdlerRyan Suter1225056%5:31
2Travis HamonicDeryk Engelland1225044%4:20
Penalty Kill 4 Players Forward
Line #CenterWingPHYDFOFWanted %Time %Time Play
1Elias PetterssonAndrei Svechnikov1225054%3:40
2Denis GurianovJordan Greenway1225046%3:04
Penalty Kill 4 Players Defense
Line #DefenseDefensePHYDFOFWanted %Time %Time Play
1Alexander EdlerRyan Suter1225049%3:17
2Travis HamonicDeryk Engelland1225051%3:27
Penalty Kill 3 Players
Line #WingPHYDFOFWanted %Time %Time PlayDefenseDefensePHYDFOFWanted %Time %Time Play
1Elias Pettersson122500%0:00 Alexander EdlerRyan Suter122500%0:00
2Andrei Svechnikov122500%0:00 Travis HamonicDeryk Engelland122500%0:00
4 vs 4 Forward
Line #CenterWingPHYDFOFWanted %Time %Time Play
1Elias PetterssonAndrei Svechnikov1225035%1:11
2Denis GurianovJordan Greenway1225065%2:12
4 vs 4 Defense
Line #DefensePHYDFOFWanted %Time %Time Play
1Alexander EdlerRyan Suter1225022%50% - 0:44
2Travis HamonicDeryk Engelland1225078%50% - 2:39
Last Minutes Offensive
Left WingCenterRight WingDefenseDefense
Andrei SvechnikovElias PetterssonDenis GurianovAlexander EdlerRyan Suter
Last Minutes Defensive
Left WingCenterRight WingDefenseDefense
Andrei SvechnikovElias PetterssonDenis GurianovAlexander EdlerRyan Suter
Time
Total ForwardTotal DefenseLast Minutes OffensiveLast Minutes Defensive
60:00 60:00 0:000:00
Extra Forwards
Normal PowerPlayPenalty Kill
Andrei Svechnikov, Frans Nielsen, Jason RobertsonElias Pettersson, Frans NielsenJason Robertson
Extra Defensemen
Normal PowerPlayPenalty Kill
Ron Hainsey, Alexander Edler, Travis HamonicRon Hainsey, Ryan SuterTravis Hamonic
Penalty Shots
Elias Pettersson, Andrei Svechnikov, Denis Gurianov, Jordan Greenway, Martin Necas
Goalie
Martin Jones, Jake Oettinger
Custom OT Lines Forwards
Elias Pettersson, Andrei Svechnikov, Denis Gurianov, Jordan Greenway, Martin Necas, Jason Robertson, Andreas Athanasiou, Oskar Lindblom, Mikko Koivu, Frans Nielsen
Custom OT Lines Defensemen
Alexander Edler, Ryan Suter, Travis Hamonic, Deryk Engelland, Ron Hainsey
Scratches
Dominik Simon (Healthy), Brogan Rafferty (Healthy), Scott Harrington (Healthy)

Golden Knights

5 vs 5 Forward
Line #Left WingCenterRight WingPHYDFOFWanted %Time %Time Play
1Artem AnisimovMatt DucheneAnthony Duclair1223031%12:15
2Evgenii DadonovSam BennettBlake Comeau1223033%13:06
3Max ComtoisJordan MartinookTanner Jeannot1222424%9:44
4Adam GaudetteCody EakinJanne Kuokkanen1221612%4:57
5 vs 5 Defense
Line #DefenseDefensePHYDFOFWanted %Time %Time Play
1Cale MakarTyler Myers1223031%12:17
2Tyler LewingtonMark Pysyk1223033%13:03
3Matt TennysonJake Walman1222425%9:50
4Cale MakarTyler Myers1221612%4:52
Power Play Forward
Line #Left WingCenterRight WingPHYDFOFWanted %Time %Time Play
1Artem AnisimovMatt DucheneAnthony Duclair1225059%4:00
2Evgenii DadonovSam BennettBlake Comeau1225041%2:44
Power Play Defense
Line #DefenseDefensePHYDFOFWanted %Time %Time Play
1Cale MakarTyler Myers1225048%3:15
2Jake WalmanMark Pysyk1225052%3:29
Penalty Kill 4 Players Forward
Line #CenterWingPHYDFOFWanted %Time %Time Play
1Jordan MartinookAnthony Duclair1225048%4:44
2Matt DucheneAdam Gaudette1225052%5:07
Penalty Kill 4 Players Defense
Line #DefenseDefensePHYDFOFWanted %Time %Time Play
1Tyler MyersJake Walman1225076%7:29
2Cale MakarMark Pysyk1225024%2:22
Penalty Kill 3 Players
Line #WingPHYDFOFWanted %Time %Time PlayDefenseDefensePHYDFOFWanted %Time %Time Play
1Cody Eakin122500%0:00 Jake WalmanMark Pysyk122500%0:00
2Jordan Martinook122500%0:00 Cale MakarTyler Myers122500%0:00
4 vs 4 Forward
Line #CenterWingPHYDFOFWanted %Time %Time Play
1Matt DucheneAnthony Duclair1225022%0:45
2Sam BennettEvgenii Dadonov1225078%2:38
4 vs 4 Defense
Line #DefensePHYDFOFWanted %Time %Time Play
1Cale MakarTyler Myers1225022%50% - 0:45
2Tyler LewingtonMark Pysyk1225078%50% - 2:38
Last Minutes Offensive
Left WingCenterRight WingDefenseDefense
Anthony DuclairMatt DucheneArtem AnisimovCale MakarTyler Myers
Last Minutes Defensive
Left WingCenterRight WingDefenseDefense
Anthony DuclairJordan MartinookCody EakinCale MakarTyler Myers
Time
Total ForwardTotal DefenseLast Minutes OffensiveLast Minutes Defensive
60:00 60:00 0:000:00
Extra Forwards
Normal PowerPlayPenalty Kill
Adam Gaudette, Max Comtois, Jordan MartinookAdam Gaudette, Max ComtoisJordan Martinook
Extra Defensemen
Normal PowerPlayPenalty Kill
Cale Makar, Tyler Myers, Mark PysykTyler Myers, Cale MakarTyler Myers
Penalty Shots
Sam Bennett, Anthony Duclair, Matt Duchene, Artem Anisimov, Evgenii Dadonov
Goalie
Philipp Grubauer, Jonathan Bernier
Custom OT Lines Forwards
Sam Bennett, Anthony Duclair, Matt Duchene, Janne Kuokkanen, Evgenii Dadonov, Blake Comeau, Max Comtois, Jordan Martinook, Cody Eakin, Artem Anisimov
Custom OT Lines Defensemen
Cale Makar, Tyler Myers, Matt Tennyson, Mark Pysyk, Jake Walman
Scratches
Conor Sheary (Healthy), Jordan Szwarz (Healthy), Mark Borowiecki (Healthy)


Play-by-Play

1st period


0:01 of 1st period - Elias Pettersson wins face-off versus Matt Duchene in neutral zone.
0:06 of 1st period - Shot by Andrei Svechnikov.
0:06 of 1st period - Shot Misses the Net.
0:08 of 1st period - Shot by Elias Pettersson.
0:08 of 1st period - Shot Misses the Net.
0:15 of 1st period - Icing by Artem Anisimov.
0:16 of 1st period - Dylan Larkin wins face-off versus Matt Duchene in Golden Knights zone.
0:31 of 1st period - Shot by Dylan Larkin.
0:31 of 1st period - Goal by Dylan Larkin - Stars : 1 - Golden Knights : 0.
0:32 of 1st period - Sam Bennett wins face-off versus Andreas Athanasiou in neutral zone.
0:47 of 1st period - Shot by Jason Robertson.
0:47 of 1st period - Shot Blocked by Mark Pysyk.
0:49 of 1st period - Shot by Warren Foegele.
0:49 of 1st period - Shot Misses the Net.
0:51 of 1st period - Shot by Warren Foegele.
0:51 of 1st period - Shot Misses the Net.
1:38 of 1st period - Shot by Frans Nielsen.
1:38 of 1st period - Shot Blocked by Matt Tennyson.
2:14 of 1st period - Shot by Elias Pettersson.
2:14 of 1st period - Shot Misses the Net.
2:41 of 1st period - Cody Eakin is hit by Deryk Engelland and loses puck.
2:43 of 1st period - Minor Penalty to Deryk Engelland for Hooking.
2:44 of 1st period - Denis Gurianov wins face-off versus Matt Duchene in Stars zone.
3:03 of 1st period - Shot by Anthony Duclair.
3:03 of 1st period - Deflect By Matt Duchene.
3:03 of 1st period - Shot Blocked by Ron Hainsey.
3:05 of 1st period - Shot by Cale Makar.
3:05 of 1st period - Stopped by Martin Jones without a rebound.
3:06 of 1st period - Sam Bennett wins face-off versus Elias Pettersson in Stars zone.
3:11 of 1st period - Shot by Mark Pysyk.
3:11 of 1st period - Stopped by Martin Jones without a rebound.
3:12 of 1st period - Elias Pettersson wins face-off versus Sam Bennett in Stars zone.
3:29 of 1st period - Shot by Mark Pysyk.
3:29 of 1st period - Stopped by Martin Jones without a rebound.
3:30 of 1st period - Denis Gurianov wins face-off versus Matt Duchene in Stars zone.
3:30 of 1st period - Denis Gurianov is hit by Tyler Myers.
4:10 of 1st period - Cale Makar is hit by Travis Hamonic and loses puck.
4:14 of 1st period - Artem Anisimov is hit by Travis Hamonic.
4:32 of 1st period - Shot by Mark Pysyk.
4:32 of 1st period - Shot Misses the Net.
4:34 of 1st period - Shot by Mark Pysyk.
4:34 of 1st period - Deflect By Evgenii Dadonov.
4:34 of 1st period - Stopped by Martin Jones without a rebound.
4:35 of 1st period - Sam Bennett wins face-off versus Andrei Svechnikov in Stars zone.
4:44 of 1st period - Shot by Sam Bennett.
4:44 of 1st period - Shot Misses the Net.
4:51 of 1st period - Icing by Tucker Poolman.
4:52 of 1st period - Andreas Athanasiou wins face-off versus Jordan Martinook in Stars zone.
4:54 of 1st period - Icing by Jason Robertson.
4:55 of 1st period - Sam Bennett wins face-off versus Andreas Athanasiou in Stars zone.
5:07 of 1st period - Andreas Athanasiou is hit by Tyler Myers.
5:22 of 1st period - Andreas Athanasiou is hit by Tyler Myers and loses puck.
5:29 of 1st period - Shot by Andreas Athanasiou.
5:29 of 1st period - Stopped by Philipp Grubauer without a rebound.
5:29 of 1st period - Minor Penalty to Tyler Myers for Holding.
5:30 of 1st period - Jordan Martinook wins face-off versus Elias Pettersson in Golden Knights zone.
5:36 of 1st period - Icing by Elias Pettersson.
5:37 of 1st period - Denis Gurianov wins face-off versus Matt Duchene in Stars zone.
5:44 of 1st period - Shot by Andrei Svechnikov.
5:44 of 1st period - Stopped by Philipp Grubauer without a rebound.
5:45 of 1st period - Jordan Martinook wins face-off versus Dylan Larkin in Golden Knights zone.
5:53 of 1st period - Martin Necas is hit by Matt Duchene and loses puck.
6:00 of 1st period - Shot by Ryan Suter.
6:00 of 1st period - Shot Blocked by Jake Walman.
6:06 of 1st period - Shot by Dylan Larkin.
6:06 of 1st period - Shot Hit the Post.
6:08 of 1st period - Shot by Ryan Suter.
6:08 of 1st period - Shot Misses the Net.
6:18 of 1st period - Shot by Alexander Edler.
6:18 of 1st period - Stopped by Philipp Grubauer without a rebound.
6:19 of 1st period - Elias Pettersson wins face-off versus Jordan Martinook in Golden Knights zone.
6:28 of 1st period - Shot by Andrei Svechnikov.
6:28 of 1st period - Shot Blocked by Jake Walman.
7:02 of 1st period - Shot by Travis Hamonic.
7:02 of 1st period - Stopped by Philipp Grubauer without a rebound.
7:03 of 1st period - Matt Duchene wins face-off versus Dylan Larkin in Golden Knights zone.
7:26 of 1st period - Icing by Ryan Suter.
7:27 of 1st period - Dylan Larkin wins face-off versus Jordan Martinook in Stars zone.
7:47 of 1st period - Off-side.
7:48 of 1st period - Matt Duchene wins face-off versus Dylan Larkin in neutral zone.
8:36 of 1st period - Off-side.
8:37 of 1st period - Jordan Martinook wins face-off versus Elias Pettersson in neutral zone.
8:52 of 1st period - Icing by Deryk Engelland.
8:53 of 1st period - Cody Eakin wins face-off versus Elias Pettersson in Stars zone.
9:00 of 1st period - Deryk Engelland is hit by Cody Eakin and loses puck.
9:02 of 1st period - Minor Penalty to Cody Eakin for Holding.
9:03 of 1st period - Jordan Martinook wins face-off versus Dylan Larkin in Golden Knights zone.
9:26 of 1st period - Shot by Alexander Edler.
9:26 of 1st period - Stopped by Philipp Grubauer without a rebound.
9:27 of 1st period - Jordan Martinook wins face-off versus Andrei Svechnikov in Golden Knights zone.
10:02 of 1st period - Shot by Andrei Svechnikov.
10:02 of 1st period - Shot Misses the Net.
10:04 of 1st period - Shot by Deryk Engelland.
10:04 of 1st period - Shot Misses the Net.
10:06 of 1st period - Shot by Deryk Engelland.
10:06 of 1st period - Deflect By Elias Pettersson.
10:06 of 1st period - Shot Misses the Net.
10:08 of 1st period - Shot by Travis Hamonic.
10:08 of 1st period - Shot Misses the Net.
10:10 of 1st period - Shot by Andrei Svechnikov.
10:10 of 1st period - Stopped by Philipp Grubauer without a rebound.
10:11 of 1st period - Dylan Larkin wins face-off versus Jordan Martinook in Golden Knights zone.
10:11 of 1st period - Ryan Suter is hit by Cale Makar.
10:17 of 1st period - Shot by Alexander Edler.
10:17 of 1st period - Shot Misses the Net.
10:46 of 1st period - Shot by Alexander Edler.
10:46 of 1st period - Shot Blocked by Jake Walman.
10:48 of 1st period - Shot by Alexander Edler.
10:48 of 1st period - Shot Misses the Net.
12:30 of 1st period - Shot by Denis Gurianov.
12:30 of 1st period - Stopped by Philipp Grubauer without a rebound.
12:31 of 1st period - Matt Duchene wins face-off versus Martin Necas in Golden Knights zone.
12:31 of 1st period - Matt Duchene is hit by Dylan Larkin.
12:55 of 1st period - Shot by Anthony Duclair.
12:55 of 1st period - Goal by Anthony Duclair - Stars : 1 - Golden Knights : 1.
12:56 of 1st period - Cody Eakin wins face-off versus Elias Pettersson in neutral zone.
13:09 of 1st period - Shot by Janne Kuokkanen.
13:09 of 1st period - Shot Misses the Net.
13:19 of 1st period - Shot by Adam Gaudette.
13:19 of 1st period - Stopped by Martin Jones without a rebound.
13:20 of 1st period - Dylan Larkin wins face-off versus Matt Duchene in Stars zone.
14:01 of 1st period - Shot by Anthony Duclair.
14:01 of 1st period - Shot Blocked by Martin Necas.
14:13 of 1st period - Shot by Max Comtois.
14:13 of 1st period - Goal by Max Comtois - Stars : 1 - Golden Knights : 2.
14:14 of 1st period - Elias Pettersson wins face-off versus Max Comtois in neutral zone.
14:54 of 1st period - Elias Pettersson is hit by Tanner Jeannot and loses puck.
16:18 of 1st period - Shot by Matt Duchene.
16:18 of 1st period - Shot Misses the Net.
16:32 of 1st period - Shot by Artem Anisimov.
16:32 of 1st period - Stopped by Martin Jones without a rebound.
16:33 of 1st period - Cody Eakin wins face-off versus Dylan Larkin in Stars zone.
17:49 of 1st period - Shot by Oskar Lindblom.
17:49 of 1st period - Shot Misses the Net.
17:53 of 1st period - Shot by Oskar Lindblom.
17:53 of 1st period - Stopped by Philipp Grubauer without a rebound.
17:54 of 1st period - Elias Pettersson wins face-off versus Anthony Duclair in Golden Knights zone.
18:03 of 1st period - Shot by Elias Pettersson.
18:03 of 1st period - Shot Misses the Net.
18:23 of 1st period - Shot by Matt Duchene.
18:23 of 1st period - Stopped by Martin Jones without a rebound.
18:24 of 1st period - Jordan Martinook wins face-off versus Andreas Athanasiou in Stars zone.
18:25 of 1st period - Shot by Max Comtois.
18:25 of 1st period - Stopped by Martin Jones without a rebound.
18:26 of 1st period - Dylan Larkin wins face-off versus Jordan Martinook in Stars zone.
18:28 of 1st period - Martin Necas is hit by Jordan Martinook and loses puck.
18:55 of 1st period - Shot by Jordan Martinook.
18:55 of 1st period - Stopped by Martin Jones without a rebound.
18:56 of 1st period - Matt Duchene wins face-off versus Elias Pettersson in Stars zone.
18:56 of 1st period - Anthony Duclair is hit by Deryk Engelland.
19:04 of 1st period - Shot by Anthony Duclair.
19:04 of 1st period - Stopped by Martin Jones without a rebound.
19:05 of 1st period - Andreas Athanasiou wins face-off versus Sam Bennett in Stars zone.
19:15 of 1st period - Off-side.
19:16 of 1st period - Matt Duchene wins face-off versus Dylan Larkin in neutral zone.
19:26 of 1st period - Matt Duchene is hit by Alexander Edler.
Goals for this period are 1 for Stars vs 2 for Golden Knights.
Shots for this period are 9 for Stars vs 12 for Golden Knights.

2nd period


0:01 of 2nd period - Sam Bennett wins face-off versus Elias Pettersson in neutral zone.
0:03 of 2nd period - Cale Makar is hit by Alexander Edler and loses puck.
0:24 of 2nd period - Shot by Andrei Svechnikov.
0:24 of 2nd period - Shot Misses the Net.
0:26 of 2nd period - Shot by Denis Gurianov.
0:26 of 2nd period - Stopped by Philipp Grubauer with a rebound.
0:34 of 2nd period - Shot by Tyler Myers.
0:34 of 2nd period - Shot Misses the Net.
0:44 of 2nd period - Shot by Andrei Svechnikov.
0:44 of 2nd period - Shot Misses the Net.
1:01 of 2nd period - Icing by Jason Robertson.
1:02 of 2nd period - Matt Duchene wins face-off versus Andreas Athanasiou in Stars zone.
1:07 of 2nd period - Shot by Anthony Duclair.
1:07 of 2nd period - Shot Misses the Net.
1:09 of 2nd period - Shot by Artem Anisimov.
1:09 of 2nd period - Stopped by Martin Jones without a rebound.
1:10 of 2nd period - Dylan Larkin wins face-off versus Jordan Martinook in Stars zone.
1:16 of 2nd period - Shot by Martin Necas.
1:16 of 2nd period - Shot Misses the Net.
1:18 of 2nd period - Shot by Martin Necas.
1:18 of 2nd period - Shot Misses the Net.
1:42 of 2nd period - Icing by Ron Hainsey.
1:43 of 2nd period - Matt Duchene wins face-off versus Dylan Larkin in Stars zone.
2:26 of 2nd period - Off-side.
2:27 of 2nd period - Sam Bennett wins face-off versus Elias Pettersson in neutral zone.
2:31 of 2nd period - Shot by Blake Comeau.
2:31 of 2nd period - Stopped by Martin Jones without a rebound.
2:32 of 2nd period - Andreas Athanasiou wins face-off versus Sam Bennett in Stars zone.
2:38 of 2nd period - Alexander Edler is hit by Tyler Myers and loses puck.
2:57 of 2nd period - Ryan Suter is hit by Tyler Myers and loses puck.
2:58 of 2nd period - Minor Penalty to Tyler Myers for Elbowing.
2:59 of 2nd period - Elias Pettersson wins face-off versus Jordan Martinook in Golden Knights zone.
3:04 of 2nd period - Shot by Deryk Engelland.
3:04 of 2nd period - Stopped by Philipp Grubauer without a rebound.
3:05 of 2nd period - Elias Pettersson wins face-off versus Jordan Martinook in Golden Knights zone.
3:08 of 2nd period - Shot by Denis Gurianov.
3:08 of 2nd period - Shot Misses the Net.
3:24 of 2nd period - Shot by Elias Pettersson.
3:24 of 2nd period - Shot Misses the Net.
3:40 of 2nd period - Shot by Andrei Svechnikov.
3:40 of 2nd period - Shot Blocked by Cale Makar.
3:42 of 2nd period - Shot by Travis Hamonic.
3:42 of 2nd period - Deflect By Denis Gurianov.
3:42 of 2nd period - Stopped by Philipp Grubauer with a rebound.
3:44 of 2nd period - Shot by Deryk Engelland.
3:44 of 2nd period - Shot Misses the Net.
4:10 of 2nd period - Icing by Dylan Larkin.
4:11 of 2nd period - Matt Duchene wins face-off versus Dylan Larkin in Stars zone.
4:42 of 2nd period - Shot by Dylan Larkin.
4:42 of 2nd period - Shot Misses the Net.
5:00 of 2nd period - Cale Makar is hit by Oskar Lindblom and loses puck.
5:19 of 2nd period - Shot by Sam Bennett.
5:19 of 2nd period - Shot Misses the Net.
5:31 of 2nd period - Shot by Evgenii Dadonov.
5:31 of 2nd period - Shot Misses the Net.
6:22 of 2nd period - Shot by Denis Gurianov.
6:22 of 2nd period - Shot Misses the Net.
6:24 of 2nd period - Shot by Deryk Engelland.
6:24 of 2nd period - Goal by Deryk Engelland - Stars : 2 - Golden Knights : 2.
6:25 of 2nd period - Andreas Athanasiou wins face-off versus Matt Duchene in neutral zone.
6:28 of 2nd period - Shot by Warren Foegele.
6:28 of 2nd period - Shot Misses the Net.
6:50 of 2nd period - Shot by Anthony Duclair.
6:50 of 2nd period - Deflect By Artem Anisimov.
6:50 of 2nd period - Shot Hit the Post.
6:52 of 2nd period - Shot by Anthony Duclair.
6:52 of 2nd period - Deflect By Matt Duchene.
6:52 of 2nd period - Stopped by Martin Jones without a rebound.
6:53 of 2nd period - Elias Pettersson wins face-off versus Cody Eakin in Stars zone.
7:47 of 2nd period - Off-side.
7:48 of 2nd period - Dylan Larkin wins face-off versus Jordan Martinook in neutral zone.
7:50 of 2nd period - Martin Necas is hit by Jordan Martinook and loses puck.
7:55 of 2nd period - Ryan Suter is hit by Tanner Jeannot and loses puck.
8:11 of 2nd period - Minor Penalty to Tanner Jeannot for Cross-checking.
8:12 of 2nd period - Jordan Martinook wins face-off versus Dylan Larkin in Golden Knights zone.
8:44 of 2nd period - Shot by Alexander Edler.
8:44 of 2nd period - Stopped by Philipp Grubauer without a rebound.
8:45 of 2nd period - Jordan Martinook wins face-off versus Elias Pettersson in Golden Knights zone.
8:56 of 2nd period - Shot by Denis Gurianov.
8:56 of 2nd period - Shot Misses the Net.
8:58 of 2nd period - Shot by Deryk Engelland.
8:58 of 2nd period - Stopped by Philipp Grubauer with a rebound.
9:02 of 2nd period - Shot by Elias Pettersson.
9:02 of 2nd period - Shot Misses the Net.
9:04 of 2nd period - Shot by Deryk Engelland.
9:04 of 2nd period - Stopped by Philipp Grubauer without a rebound.
9:05 of 2nd period - Elias Pettersson wins face-off versus Matt Duchene in Golden Knights zone.
9:40 of 2nd period - Shot by Elias Pettersson.
9:40 of 2nd period - Stopped by Philipp Grubauer without a rebound.
9:41 of 2nd period - Jordan Martinook wins face-off versus Dylan Larkin in Golden Knights zone.
9:52 of 2nd period - Shot by Martin Necas.
9:52 of 2nd period - Deflect By Jason Robertson.
9:52 of 2nd period - Stopped by Philipp Grubauer without a rebound.
9:53 of 2nd period - Jordan Martinook wins face-off versus Dylan Larkin in Golden Knights zone.
10:06 of 2nd period - Shot by Dylan Larkin.
10:06 of 2nd period - Stopped by Philipp Grubauer without a rebound.
10:07 of 2nd period - Matt Duchene wins face-off versus Elias Pettersson in Golden Knights zone.
10:33 of 2nd period - Icing by Matt Tennyson.
10:34 of 2nd period - Andreas Athanasiou wins face-off versus Sam Bennett in Golden Knights zone.
10:38 of 2nd period - Icing by Blake Comeau.
10:39 of 2nd period - Dylan Larkin wins face-off versus Sam Bennett in Golden Knights zone.
11:32 of 2nd period - Deryk Engelland is hit by Sam Bennett and loses puck.
11:55 of 2nd period - Shot by Cale Makar.
11:55 of 2nd period - Stopped by Martin Jones without a rebound.
11:56 of 2nd period - Jordan Martinook wins face-off versus Elias Pettersson in Stars zone.
12:10 of 2nd period - Minor Penalty to Tyler Lewington for High sticking.
12:11 of 2nd period - Elias Pettersson wins face-off versus Jordan Martinook in Golden Knights zone.
12:18 of 2nd period - Shot by Denis Gurianov.
12:18 of 2nd period - Stopped by Philipp Grubauer without a rebound.
12:19 of 2nd period - Dylan Larkin wins face-off versus Jordan Martinook in Golden Knights zone.
12:58 of 2nd period - Shot by Alexander Edler.
12:58 of 2nd period - Deflect By Jason Robertson.
12:58 of 2nd period - Goal by Jason Robertson - Stars : 3 - Golden Knights : 2.
12:59 of 2nd period - Elias Pettersson wins face-off versus Sam Bennett in neutral zone.
12:59 of 2nd period - Andrei Svechnikov is hit by Sam Bennett and loses puck.
13:03 of 2nd period - Travis Hamonic is hit by Blake Comeau and loses puck.
13:12 of 2nd period - Shot by Elias Pettersson.
13:12 of 2nd period - Shot Misses the Net.
13:14 of 2nd period - Shot by Andrei Svechnikov.
13:14 of 2nd period - Shot Blocked by Cale Makar.
13:18 of 2nd period - Shot by Andrei Svechnikov.
13:18 of 2nd period - Stopped by Philipp Grubauer without a rebound.
13:19 of 2nd period - Matt Duchene wins face-off versus Mikko Koivu in Golden Knights zone.
13:19 of 2nd period - Matt Duchene is hit by Frans Nielsen.
13:26 of 2nd period - Anthony Duclair is hit by Tucker Poolman and loses puck.
13:58 of 2nd period - Off-side.
13:59 of 2nd period - Jordan Martinook wins face-off versus Elias Pettersson in neutral zone.
14:50 of 2nd period - Icing by Tanner Jeannot.
14:51 of 2nd period - Jordan Martinook wins face-off versus Dylan Larkin in Golden Knights zone.
15:37 of 2nd period - Shot by Matt Duchene.
15:37 of 2nd period - Stopped by Martin Jones without a rebound.
15:38 of 2nd period - Andreas Athanasiou wins face-off versus Sam Bennett in Stars zone.
16:08 of 2nd period - Shot by Jason Robertson.
16:08 of 2nd period - Shot Blocked by Matt Tennyson.
16:10 of 2nd period - Shot by Ron Hainsey.
16:10 of 2nd period - Stopped by Philipp Grubauer without a rebound.
16:11 of 2nd period - Elias Pettersson wins face-off versus Cody Eakin in Golden Knights zone.
16:21 of 2nd period - Shot by Janne Kuokkanen.
16:21 of 2nd period - Shot Misses the Net.
16:23 of 2nd period - Shot by Cody Eakin.
16:23 of 2nd period - Stopped by Martin Jones without a rebound.
16:24 of 2nd period - Matt Duchene wins face-off versus Dylan Larkin in Stars zone.
16:24 of 2nd period - Minor Penalty to Deryk Engelland for Interference.
16:25 of 2nd period - Sam Bennett wins face-off versus Elias Pettersson in Stars zone.
16:47 of 2nd period - Shot by Evgenii Dadonov.
16:47 of 2nd period - Shot Blocked by Ryan Suter.
16:49 of 2nd period - Shot by Evgenii Dadonov.
16:49 of 2nd period - Stopped by Martin Jones without a rebound.
16:50 of 2nd period - Matt Duchene wins face-off versus Denis Gurianov in Stars zone.
16:53 of 2nd period - Shot by Anthony Duclair.
16:53 of 2nd period - Stopped by Martin Jones with a rebound.
16:59 of 2nd period - Shot by Anthony Duclair.
16:59 of 2nd period - Goal by Anthony Duclair - Stars : 3 - Golden Knights : 3.
17:00 of 2nd period - Andreas Athanasiou wins face-off versus Jordan Martinook in neutral zone.
17:07 of 2nd period - Shot by Andreas Athanasiou.
17:07 of 2nd period - Shot Blocked by Jordan Martinook.
18:31 of 2nd period - Icing by Anthony Duclair.
18:32 of 2nd period - Matt Duchene wins face-off versus Elias Pettersson in Golden Knights zone.
18:34 of 2nd period - Minor Penalty to Andrei Svechnikov for Interference.
18:35 of 2nd period - Elias Pettersson wins face-off versus Evgenii Dadonov in Stars zone.
18:40 of 2nd period - Shot by Evgenii Dadonov.
18:40 of 2nd period - Stopped by Martin Jones without a rebound.
18:41 of 2nd period - Evgenii Dadonov wins face-off versus Elias Pettersson in Stars zone.
19:04 of 2nd period - Shot by Elias Pettersson.
19:04 of 2nd period - Deflect By Jason Robertson.
19:04 of 2nd period - Shot Blocked by Sam Bennett.
19:08 of 2nd period - Shot by Elias Pettersson.
19:08 of 2nd period - Shot Misses the Net.
19:32 of 2nd period - Shot by Travis Hamonic.
19:32 of 2nd period - Stopped by Philipp Grubauer without a rebound.
19:33 of 2nd period - Elias Pettersson wins face-off versus Matt Duchene in Golden Knights zone.
19:58 of 2nd period - Shot by Matt Duchene.
19:58 of 2nd period - Stopped by Martin Jones with a rebound.
Goals for this period are 2 for Stars vs 1 for Golden Knights.
Shots for this period are 15 for Stars vs 11 for Golden Knights.

3rd period


0:01 of 3rd period - Denis Gurianov wins face-off versus Matt Duchene in neutral zone.
0:01 of 3rd period - Alexander Edler is hit by Anthony Duclair and loses puck.
0:42 of 3rd period - Shot by Sam Bennett.
0:42 of 3rd period - Shot Misses the Net.
0:44 of 3rd period - Shot by Blake Comeau.
0:44 of 3rd period - Shot Blocked by Alexander Edler.
0:46 of 3rd period - Shot by Evgenii Dadonov.
0:46 of 3rd period - Shot Misses the Net.
0:48 of 3rd period - Shot by Sam Bennett.
0:48 of 3rd period - Shot Misses the Net.
0:50 of 3rd period - Shot by Blake Comeau.
0:50 of 3rd period - Stopped by Martin Jones without a rebound.
0:51 of 3rd period - Mikko Koivu wins face-off versus Cody Eakin in Stars zone.
0:51 of 3rd period - Mikko Koivu is hit by Tyler Myers.
1:05 of 3rd period - Shot by Oskar Lindblom.
1:05 of 3rd period - Shot Misses the Net.
1:15 of 3rd period - Shot by Cody Eakin.
1:15 of 3rd period - Shot Misses the Net.
1:17 of 3rd period - Shot by Cody Eakin.
1:17 of 3rd period - Shot Misses the Net.
1:31 of 3rd period - Off-side.
1:32 of 3rd period - Elias Pettersson wins face-off versus Matt Duchene in neutral zone.
1:39 of 3rd period - Shot by Elias Pettersson.
1:39 of 3rd period - Stopped by Philipp Grubauer without a rebound.
1:40 of 3rd period - Matt Duchene wins face-off versus Elias Pettersson in Golden Knights zone.
2:06 of 3rd period - Shot by Anthony Duclair.
2:06 of 3rd period - Stopped by Martin Jones without a rebound.
2:07 of 3rd period - Sam Bennett wins face-off versus Andreas Athanasiou in Stars zone.
2:41 of 3rd period - Shot by Warren Foegele.
2:41 of 3rd period - Stopped by Philipp Grubauer without a rebound.
2:42 of 3rd period - Elias Pettersson wins face-off versus Matt Duchene in Golden Knights zone.
3:21 of 3rd period - Shot by Denis Gurianov.
3:21 of 3rd period - Shot Misses the Net.
3:27 of 3rd period - Shot by Andrei Svechnikov.
3:27 of 3rd period - Stopped by Philipp Grubauer without a rebound.
3:28 of 3rd period - Jordan Greenway wins face-off versus Sam Bennett in Golden Knights zone.
3:28 of 3rd period - Dylan Larkin is hit by Tyler Myers and loses puck.
3:44 of 3rd period - Dylan Larkin is hit by Tyler Myers and loses puck.
3:53 of 3rd period - Shot by Dylan Larkin.
3:53 of 3rd period - Stopped by Philipp Grubauer without a rebound.
3:54 of 3rd period - Jordan Martinook wins face-off versus Andreas Athanasiou in Golden Knights zone.
3:54 of 3rd period - Jordan Martinook is hit by Andreas Athanasiou.
4:36 of 3rd period - Off-side.
4:37 of 3rd period - Dylan Larkin wins face-off versus Matt Duchene in neutral zone.
4:54 of 3rd period - Shot by Matt Duchene.
4:54 of 3rd period - Shot Misses the Net.
5:37 of 3rd period - Minor Penalty to Sam Bennett for Slashing.
5:37 of 3rd period - Minor Penalty to Denis Gurianov for Tripping.
5:38 of 3rd period - Elias Pettersson wins face-off versus Adam Gaudette in neutral zone.
5:43 of 3rd period - Shot by Elias Pettersson.
5:43 of 3rd period - Stopped by Philipp Grubauer without a rebound.
5:44 of 3rd period - Elias Pettersson wins face-off versus Adam Gaudette in Golden Knights zone.
5:45 of 3rd period - Shot by Andrei Svechnikov.
5:45 of 3rd period - Shot Hit the Post.
6:01 of 3rd period - Shot by Evgenii Dadonov.
6:01 of 3rd period - Stopped by Martin Jones without a rebound.
6:02 of 3rd period - Matt Duchene wins face-off versus Andrei Svechnikov in Stars zone.
6:30 of 3rd period - Shot by Matt Duchene.
6:30 of 3rd period - Stopped by Martin Jones without a rebound.
6:31 of 3rd period - Adam Gaudette wins face-off versus Elias Pettersson in Stars zone.
6:55 of 3rd period - Icing by Mark Pysyk.
6:56 of 3rd period - Frans Nielsen wins face-off versus Adam Gaudette in Golden Knights zone.
7:00 of 3rd period - Icing by Tyler Lewington.
7:01 of 3rd period - Adam Gaudette wins face-off versus Frans Nielsen in Golden Knights zone.
7:23 of 3rd period - Shot by Frans Nielsen.
7:23 of 3rd period - Shot Misses the Net.
7:43 of 3rd period - Icing by Tyler Myers.
7:44 of 3rd period - Jason Robertson wins face-off versus Anthony Duclair in Golden Knights zone.
7:57 of 3rd period - Jason Robertson is hit by Tyler Myers and loses puck.
8:08 of 3rd period - Shot by Matt Duchene.
8:08 of 3rd period - Stopped by Martin Jones without a rebound.
8:09 of 3rd period - Elias Pettersson wins face-off versus Jordan Martinook in Stars zone.
8:36 of 3rd period - Shot by Elias Pettersson.
8:36 of 3rd period - Stopped by Philipp Grubauer without a rebound.
8:37 of 3rd period - Dylan Larkin wins face-off versus Sam Bennett in Golden Knights zone.
8:43 of 3rd period - Dylan Larkin is hit by Tyler Lewington and loses puck.
9:03 of 3rd period - Minor Penalty to Jordan Greenway for Cross-checking.
9:04 of 3rd period - Elias Pettersson wins face-off versus Matt Duchene in Stars zone.
9:25 of 3rd period - Shot by Cale Makar.
9:25 of 3rd period - Shot Misses the Net.
9:35 of 3rd period - Shot by Cale Makar.
9:35 of 3rd period - Stopped by Martin Jones without a rebound.
9:36 of 3rd period - Sam Bennett wins face-off versus Elias Pettersson in Stars zone.
9:38 of 3rd period - Minor Penalty to Sam Bennett for Holding.
9:39 of 3rd period - Elias Pettersson wins face-off versus Adam Gaudette in Golden Knights zone.
10:00 of 3rd period - Shot by Andrei Svechnikov.
10:00 of 3rd period - Stopped by Philipp Grubauer without a rebound.
10:01 of 3rd period - Matt Duchene wins face-off versus Denis Gurianov in Golden Knights zone.
10:01 of 3rd period - Anthony Duclair is hit by Denis Gurianov and loses puck.
10:16 of 3rd period - Shot by Denis Gurianov.
10:16 of 3rd period - Goal by Denis Gurianov - Stars : 4 - Golden Knights : 3.
10:17 of 3rd period - Denis Gurianov wins face-off versus Adam Gaudette in neutral zone.
12:12 of 3rd period - Icing by Jake Walman.
12:13 of 3rd period - Sam Bennett wins face-off versus Andreas Athanasiou in Golden Knights zone.
12:26 of 3rd period - Shot by Warren Foegele.
12:26 of 3rd period - Stopped by Philipp Grubauer without a rebound.
12:27 of 3rd period - Matt Duchene wins face-off versus Dylan Larkin in Golden Knights zone.
12:44 of 3rd period - Shot by Dylan Larkin.
12:44 of 3rd period - Shot Blocked by Tyler Myers.
12:46 of 3rd period - Shot by Martin Necas.
12:46 of 3rd period - Shot Misses the Net.
12:48 of 3rd period - Shot by Alexander Edler.
12:48 of 3rd period - Shot Misses the Net.
12:50 of 3rd period - Shot by Jordan Greenway.
12:50 of 3rd period - Deflect By Martin Necas.
12:50 of 3rd period - Stopped by Philipp Grubauer without a rebound.
12:51 of 3rd period - Jordan Martinook wins face-off versus Elias Pettersson in Golden Knights zone.
13:09 of 3rd period - Elias Pettersson is hit by Tyler Lewington.
13:19 of 3rd period - Shot by Elias Pettersson.
13:19 of 3rd period - Deflect By Andrei Svechnikov.
13:19 of 3rd period - Shot Misses the Net.
13:24 of 3rd period - Icing by Mark Pysyk.
13:25 of 3rd period - Max Comtois wins face-off versus Dylan Larkin in Golden Knights zone.
13:37 of 3rd period - Dylan Larkin is hit by Max Comtois and loses puck.
14:17 of 3rd period - Off-side.
14:18 of 3rd period - Elias Pettersson wins face-off versus Sam Bennett in neutral zone.
14:20 of 3rd period - Travis Hamonic is hit by Tyler Myers and loses puck.
14:30 of 3rd period - Minor Penalty to Tyler Myers for Roughing.
14:31 of 3rd period - Matt Duchene wins face-off versus Andrei Svechnikov in Golden Knights zone.
15:02 of 3rd period - Shot by Elias Pettersson.
15:02 of 3rd period - Goal by Elias Pettersson - Stars : 5 - Golden Knights : 3.
15:03 of 3rd period - Dylan Larkin wins face-off versus Evgenii Dadonov in neutral zone.
15:06 of 3rd period - Shot by Martin Necas.
15:06 of 3rd period - Shot Misses the Net.
15:08 of 3rd period - Shot by Dylan Larkin.
15:08 of 3rd period - Stopped by Philipp Grubauer with a rebound.
15:10 of 3rd period - Shot by Alexander Edler.
15:10 of 3rd period - Stopped by Philipp Grubauer without a rebound.
15:11 of 3rd period - Dylan Larkin wins face-off versus Sam Bennett in Golden Knights zone.
15:11 of 3rd period - Dylan Larkin is hit by Jake Walman.
15:15 of 3rd period - Shot by Martin Necas.
15:15 of 3rd period - Shot Misses the Net.
15:24 of 3rd period - Off-side.
15:25 of 3rd period - Elias Pettersson wins face-off versus Artem Anisimov in neutral zone.
15:27 of 3rd period - Off-side.
15:28 of 3rd period - Denis Gurianov wins face-off versus Sam Bennett in neutral zone.
15:53 of 3rd period - Shot by Evgenii Dadonov.
15:53 of 3rd period - Deflect By Sam Bennett.
15:53 of 3rd period - Stopped by Martin Jones without a rebound.
15:54 of 3rd period - Andreas Athanasiou wins face-off versus Matt Duchene in Stars zone.
15:54 of 3rd period - Andreas Athanasiou is hit by Tyler Lewington.
16:01 of 3rd period - Anthony Duclair is hit by Alexander Edler and loses puck.
16:04 of 3rd period - Shot by Artem Anisimov.
16:04 of 3rd period - Goal by Artem Anisimov - Stars : 5 - Golden Knights : 4.
16:05 of 3rd period - Dylan Larkin wins face-off versus Cody Eakin in neutral zone.
16:07 of 3rd period - Off-side.
16:08 of 3rd period - Elias Pettersson wins face-off versus Matt Duchene in neutral zone.
16:37 of 3rd period - Shot by Anthony Duclair.
16:37 of 3rd period - Shot Blocked by Deryk Engelland.
16:39 of 3rd period - Shot by Anthony Duclair.
16:39 of 3rd period - Deflect By Matt Duchene.
16:39 of 3rd period - Stopped by Martin Jones without a rebound.
16:40 of 3rd period - Andreas Athanasiou wins face-off versus Cody Eakin in Stars zone.
17:05 of 3rd period - Shot by Janne Kuokkanen.
17:05 of 3rd period - Shot Misses the Net.
17:32 of 3rd period - Icing by Ryan Suter.
17:33 of 3rd period - Sam Bennett wins face-off versus Warren Foegele in Stars zone.
17:36 of 3rd period - Shot by Tyler Myers.
17:36 of 3rd period - Shot Blocked by Alexander Edler.
17:38 of 3rd period - Shot by Blake Comeau.
17:38 of 3rd period - Shot Misses the Net.
17:40 of 3rd period - Shot by Tyler Myers.
17:40 of 3rd period - Shot Blocked by Ryan Suter.
17:42 of 3rd period - Shot by Blake Comeau.
17:42 of 3rd period - Shot Hit the Post.
17:49 of 3rd period - Icing by Alexander Edler.
17:50 of 3rd period - Artem Anisimov wins face-off versus Andreas Athanasiou in Stars zone.
17:55 of 3rd period - Shot by Anthony Duclair.
17:55 of 3rd period - Stopped by Martin Jones without a rebound.
17:56 of 3rd period - Dylan Larkin wins face-off versus Sam Bennett in Stars zone.
18:22 of 3rd period - Off-side.
18:23 of 3rd period - Cody Eakin wins face-off versus Denis Gurianov in neutral zone.
18:23 of 3rd period - Minor Penalty to Andrei Svechnikov for High sticking.
18:24 of 3rd period - Elias Pettersson wins face-off versus Matt Duchene in Stars zone.
18:35 of 3rd period - Shot by Jason Robertson.
18:35 of 3rd period - Deflect By Elias Pettersson.
18:35 of 3rd period - Goal by Elias Pettersson - Stars : 6 - Golden Knights : 4.
18:36 of 3rd period - Sam Bennett wins face-off versus Denis Gurianov in neutral zone.
18:59 of 3rd period - Shot by Evgenii Dadonov.
18:59 of 3rd period - Stopped by Martin Jones with a rebound.
19:05 of 3rd period - Shot by Cale Makar.
19:05 of 3rd period - Stopped by Martin Jones without a rebound.
19:06 of 3rd period - Jason Robertson wins face-off versus Anthony Duclair in Stars zone.
19:27 of 3rd period - Ryan Suter is hit by Matt Duchene and loses puck.
19:58 of 3rd period - Artem Anisimov is hit by Deryk Engelland and loses puck.
Goals for this period are 3 for Stars vs 1 for Golden Knights.
Shots for this period are 14 for Stars vs 12 for Golden Knights.